 Dungeon Crawl Stone Soup version 0.29.1-2-gbd0b4ee654 (webtiles) character file.

Game seed: 1156018049661806396

49 DildoBatman the Conjurer (level 4, -3/25 (30) HPs)
             Began as a Formicid Conjurer on Nov 22, 2022.
             Slain by a necrophage (6 damage)
             ... on level 4 of the Dungeon.
             The game lasted 00:03:19 (1743 turns).

DildoBatman the Conjurer (Formicid Conjurer)        Turns: 1743, Time: 00:03:20

HP:   -3/25 (30)    AC:  3    Str: 12    XL:     4   Next: 2%
MP:   7/7           EV: 12    Int: 19    God:
Gold: 97            SH:  0    Dex: 12    Spells: 4/7 levels left

rFire   . . .      SeeInvis +   a - staff of air
rCold   . . .      Faith    .   (no shield)
rNeg    . . .      Spirit   .   n - +0 robe
rPois   .          Reflect  .   (helmet unavailable)
rElec   +          Harm     .   (no cloak)
rCorr   .          Rampage  .   (no gloves)
Will    .....                   i - +0 pair of boots
Stlth   ++........              (no amulet)
HPRegen 0.08/turn               (no ring)
MPRegen 0.10/turn               (no ring)

@: heavily drained
A: permanent stasis, dig shafts and tunnels, antennae 3, four strong arms
a: Dig, Shaft Self


You were on level 4 of the Dungeon.
You visited 1 branch of the dungeon, and saw 3 of its levels.

You collected 97 gold pieces.

Inventory:

Hand Weapons
 b - a +0 short sword
Missiles
 j - 13 stones
 p - 4 poisoned darts
Armour
 i - a +0 pair of boots (worn)
 n - a +0 robe (worn)
Magical Staves
 a - a staff of air (weapon)
Scrolls
 c - 3 scrolls of identify {unknown}
 f - a scroll of vulnerability {unknown}
 k - a scroll of poison {unknown}
 l - 2 scrolls of teleportation {unknown}
 m - a scroll of enchant armour {unknown}
Potions
 d - a potion of curing {unknown}
 e - a potion of berserk rage {unknown}
 g - a potion of might {unknown}
 h - a potion of magic
 o - a potion of resistance {unknown}


   Skills:
 - Level 1.7 Dodging
 - Level 2.4 Stealth
 - Level 2.1 Spellcasting
 * Level 4.8 Conjurations


You had 4 spell levels left.
You knew the following spells:

 Your Spells              Type           Power      Damage    Failure   Level
a - Searing Ray           Conj           40%        2d5       3%          2
c - Magic Dart            Conj           80%        1d7       2%          1

Your spell library contained the following spells:

 Spells                   Type           Power      Damage    Failure   Level
 Dazzling Flash           Conj/Hex       22%        N/A       19%         3
 Fulminant Prism          Conj/Hex       5%         3d7       52%         4
 Iskenderun's Mystic Bla  Conj/Tloc      11%        2d4       52%         4


Dungeon Overview and Level Annotations

Branches:
Dungeon (2/15)

Altars:


Innate Abilities, Weirdness & Mutations

You cannot be hasted, slowed, berserked, paralysed or teleported.
You can dig through walls and to a lower floor.
You have a pair of large antennae on your head. (SInv)
Your four strong arms can wield two-handed weapons with a shield.


Message History

Orders for allies: a - Attack new target. r - Retreat! s - Stop attacking. g - Guard the area. f - Follow me.
Anything else - Cancel.
You shout for attention!
The necrophage closely misses you. What are your orders? t - Shout!
Orders for allies: a - Attack new target. r - Retreat! s - Stop attacking. g - Guard the area. f - Follow me.
Anything else - Cancel.
You shout for attention!
The necrophage closely misses you. What are your orders? t - Shout!
Orders for allies: a - Attack new target. r - Retreat! s - Stop attacking. g - Guard the area. f - Follow me.
Anything else - Cancel.
You shout for attention!
The necrophage barely misses you. What are your orders? t - Shout!
Orders for allies: a - Attack new target. r - Retreat! s - Stop attacking. g - Guard the area. f - Follow me.
Anything else - Cancel.
You shout for attention!
The necrophage hits you.
You feel drained. What are your orders? t - Shout!
Orders for allies: a - Attack new target. r - Retreat! s - Stop attacking. g - Guard the area. f - Follow me.
Anything else - Cancel.
You shout for attention!
The necrophage hits you.
You die...

......# ..(.....#####
......?.....
............
.........[. #####
#.#....[... .##8#.#
#.#........
......#####.n@>......
............#######.
............##
#8#.........#
#####.........#{
#........(....#
#.............#
#......##...?[#
#########.....#


You could see a necrophage.

Vanquished Creatures
  2 adders (D:2)
  A dart slug (D:1)
  A ball python (D:1)
  5 bats
  2 endoplasms
  A giant cockroach (D:1)
  3 hobgoblins
  3 jackals (D:1)
  A kobold (D:1)
  2 quokkas (D:1)
  3 frilled lizards (D:1)
  A goblin (D:1)
  3 rats
28 creatures vanquished.

Notes
Turn   | Place    | Note
-------+----------+-------------------------------------------
     0 | D:1      | DildoBatman the Formicid Conjurer began the quest for the
                  | Orb.
     0 | D:1      | Reached XP level 1. HP: 13/13 MP: 3/3
   310 | D:1      | Reached XP level 2. HP: 15/19 MP: 0/5
   319 | D:1      | Reached skill level 4 in Conjurations
   876 | D:1      | Found a faded altar of an unknown god.
  1013 | D:1      | Reached XP level 3. HP: 24/24 MP: 1/6
  1385 | D:2      | Learned a level 2 spell: Searing Ray
  1689 | D:2      | Reached XP level 4. HP: 30/30 MP: 3/7
  1691 | D:2      | You fall into a shaft and drop 2 floors!
  1713 | D:4      | Noticed a necrophage
  1743 | D:4      | Slain by a necrophage

Illustrated notes

Levels and vault maps discovered:
D:1:      dpeg_arrival_water_fire, layout_basic, ebering_ecumenical_altar_webs
D:2:      layout_basic
D:4:      layout_basic, led_xom_imps, kennysheep_little_box,
          serial_corexii_hall, corexii_hall_statues_s, corexii_hall_statues_l,
          minmay_misc_feat_enclosed, minmay_strange_pillars

Skill      XL: |  1  2 |
---------------+-------+-----
Conjurations   | 4 |  4.8
Dodging        | |  1.7
Stealth        | |  2.4
Spellcasting   | |  2.1

Action                   |  1- 3 |  4- 6 || total
-------------------------+-------+-------++-------
Melee: Unarmed           |    24 |       ||    24
 Cast: Magic Dart        |    56 |       ||    56
       Searing Ray       |     2 |       ||     2
 Abil: Shaft Self        |       |     1 ||     1
Armor: Robe              |     5 |     2 ||     7
Dodge: Dodged            |    23 |    15 ||    38
